 Dungeon Crawl Stone Soup version 0.17-a0-1037-gbf358b4 (webtiles) character file.

117 oplop the Digger (level 4, -17/39 HPs)
             Began as a Deep Dwarf Earth Elementalist on May 14, 2015.
             Killed from afar by Ijyb (19 damage)
             ... with a wand of lightning
             ... on level 3 of the Dungeon.
             The game lasted 00:04:42 (2027 turns).

oplop the Digger (Deep Dwarf Earth Elementalist)    Turns: 2027, Time: 00:04:42

Health: -17/39     AC:  4    Str: 12    XL:     4   Next: 71%
Magic:  4/8        EV: 12    Int: 16    God:
Gold:   40         SH:  0    Dex: 13    Spells: 3 memorised, 2 levels left

rFire  . . .     SeeInvis .     a - 80 stones
rCold  . . .     Clarity  .     b - +0 robe
rNeg   . . .     SustAb   .     (no shield)
rPois  .         Gourm    .     (no helmet)
rElec  .         Spirit   .     (no cloak)
rCorr  .         Warding  .     s - +0 pair of gloves (curse)
rMut   .         Stasis   .     t - +0 pair of boots
MR     .....                    (no amulet)
Stlth  ++........               (no ring)
                                (no ring)

@: non-regenerating, not resistant to hostile enchantments, unstealthy
A: damage resistance, recharge devices, sense surroundings 1, slow healing 3
a: Device Recharging


You were on level 3 of the Dungeon.
You were not hungry.

You visited 1 branch of the dungeon, and saw 3 of its levels.

You collected 40 gold pieces.

Inventory:

Hand weapons
 r - a +0 dagger
 w - a +0 blowgun
Missiles
 a - 80 stones (in hand)
 x - 8 curare-tipped needles
Armour
 b - a +0 robe (worn)
 s - a cursed +0 pair of gloves (worn)
 t - a +0 pair of boots (worn)
Jewellery
 m - an uncursed ring of positive energy {unknown}
Magical devices
 d - a wand of heal wounds (4)
Scrolls
 f - a scroll of blinking {unknown}
 h - a scroll of fear {unknown}
 k - a scroll of recharging {unknown}
 o - 2 scrolls of identify {unknown}
Potions
 g - a potion of ambrosia {unknown}
 j - 2 potions of brilliance {unknown}
 l - a potion of magic {unknown}
 n - a potion of heal wounds {unknown}
 p - a potion of poison {unknown}
 q - 2 potions of agility {unknown}
Books
 c - a book of Geomancy

   Spells                             Type                      Level
   a - Sandblast                      Earth                        1
   b - Stoneskin                      Transmutation/Earth          2
   c - Passwall                       Transmutation/Earth          3
   d - Stone Arrow                    Conjuration/Earth            3
   e - Petrify                        Transmutation/Earth          4
   f - Lee's Rapid Deconstruction     Earth                        5
Comestibles
 e - 2 bread rations
 i - 3 meat rations
 u - a slice of pizza
 v - 2 chunks of flesh


   Skills:
 + Level 2.1 Fighting
 - Level 2.1 Dodging
 - Level 2.4 Stealth
 + Level 2.8 Spellcasting
 - Level 0.8 Transmutations
 + Level 5.3 Earth Magic


You had 2 spell levels left.
You knew the following spells:

 Your Spells              Type           Power        Failure   Level  Hunger
a - Sandblast             Erth           ###...       1%          1    #......
b - Stoneskin             Trmt/Erth      ##......     10%         2    ##.....
c - Stone Arrow           Conj/Erth      ##....       21%         3    ###....


Dungeon Overview and Level Annotations

Branches:
Dungeon (3/15)

Altars:

Annotations:
D:3 Ijyb


Innate Abilities, Weirdness & Mutations

You are resistant to damage.
You can recharge devices by infusing magical energy.
You passively map a small area around you.
You do not heal naturally.


Message History

Ijyb zaps a wand.
The bolt of lightning hits you!
It is a wand of lightning.
Casting: Sandblast
Confirm with . or Enter, or press ? or * to list all spells.
Aiming: Sandblast
Press: ? - help, Shift-Dir - straight line, f/p - Ijyb
Aim: Ijyb, wielding a dagger of speed, wearing a leather armour and carrying a wand of lightning {zapped: 1} (moderately wounded)
The rocky blast hits Ijyb.
Ijyb is heavily wounded.
Ijyb zaps a wand.
The bolt of lightning hits you!
* * * LOW HITPOINT WARNING * * *
Casting: Sandblast
Confirm with . or Enter, or press ? or * to list all spells.
Aiming: Sandblast
Press: ? - help, Shift-Dir - straight line, f/p - Ijyb
Aim: Ijyb, wielding a dagger of speed, wearing a leather armour and carrying a wand of lightning {zapped: 2} (heavily wounded)
The rocky blast hits Ijyb.
Ijyb is heavily wounded.
Ijyb screams, "No!
No, no, no, no!"
Ijyb zaps a wand.
The bolt of lightning hits you!
You die...

.#....##.# #.##.#####
#....+... #.##.....#*
.##...###..#.##..##.#
# #...# *..#.....# *
##### *..#.##..#
..#.##..#* * *, #..#
* , , #..## , ,
*#.@.# , * #.#)# *
... g.. ..##. .###*
##, #. .# , , ..,.#
#.*## #. * , *


You could see Ijyb.

Vanquished Creatures
  Jessica (D:3)
  3 adders (D:2)
  2 gnolls (D:3)
  An ooze (D:1)
  A worm (D:3)
  A ball python (D:3)
  2 giant cockroaches (D:2)
  4 goblins
  4 hobgoblins
  2 quokkas (D:3)
  5 bats
  A giant gecko (D:3)
  8 giant newts
  4 kobolds
  5 rats
44 creatures vanquished.

Notes
Turn   | Place    | Note
--------------------------------------------------------------
     0 | D:1      | oplop the Deep Dwarf Earth Elementalist began the quest for the Orb.
     0 | D:1      | Reached XP level 1. HP: 15/15 MP: 3/3
   143 | D:1      | Reached XP level 2. HP: 19/24 MP: 0/5
   974 | D:2      | Reached skill level 1 in Fighting
  1176 | D:2      | Reached XP level 3. HP: 16/31 MP: 4/6
  1634 | D:2      | Learned a level 2 spell: Stoneskin
  1638 | D:2      | Learned a level 3 spell: Stone Arrow
  1837 | D:3      | Reached XP level 4. HP: 30/39 MP: 0/7
  1898 | D:3      | Noticed Jessica
  1916 | D:3      | Killed Jessica
  1916 | D:3      | Reached skill level 5 in Earth Magic
  2020 | D:3      | Noticed Ijyb
  2027 | D:3      | Killed from afar by Ijyb

Vault maps used:
D:1:      minmay_arrival_nine_rooms, hangedman_decor_peaks_small
D:3:      first_bread, tgw_xom, uniq_iyjb, uniq_jessica

Action                   |  1- 3 |  4- 6 || total
-------------------------+-------+-------++-------
Melee: Unarmed           |    29 |       ||    29
 Fire: Blowgun           |       |     2 ||     2
 Cast: Sandblast         |    59 |    16 ||    75
Evoke: Wand              |     1 |       ||     1
  Eat: Chunk             |     3 |       ||     3
       Royal jelly       |     1 |       ||     1
